 Dungeon Crawl Stone Soup version 0.17.0-28-g6e173f8 (webtiles) character file.

43 futacatgirl the Charlatan (level 3, -1/16 HPs)
             Began as a Felid Artificer on Nov 30, 2015.
             Slain by a worm (11 damage)
             ... on level 2 of the Dungeon.
             The game lasted 00:05:54 (1448 turns).

futacatgirl the Charlatan (Felid Artificer)         Turns: 1448, Time: 00:05:54

Health: -1/16      AC:  1    Str:  7    XL:     3   Next: 37%
Magic:  6/6        EV: 18    Int: 14    God:
Gold:   61         SH:  0    Dex: 16    Spells: 0 memorised, 2 levels left
                                        Lives:  0   Deaths: 0

rFire  . . .     SeeInvis +       - Unarmed
rCold  . . .     Clarity  .     (armour unavailable)
rNeg   . . .     SustAt   .     (shield unavailable)
rPois  .         Gourm    .     (helmet unavailable)
rElec  .         Spirit   .     (cloak unavailable)
rCorr  .         Warding  .     (gloves unavailable)
rMut   .         Stasis   .     (boots unavailable)
MR     .....                    (no amulet)
Stlth  +++.......               (no ring)
                                (no ring)

@: quick, not resistant to hostile enchantments, fairly stealthy
A: no armour, no weapons or thrown items, claws 1, fangs 3, see invisible,
carnivore 3, speed 1, shaggy fur 1, slow metabolism 1, sharp paws
a: no special abilities


You were on level 2 of the Dungeon.
You were not hungry.

You visited 1 branch of the dungeon, and saw 2 of its levels.

You collected 61 gold pieces.

Inventory:

Wands
 a - a wand of flame (10)
 b - a wand of enslavement (13)
 c - a wand of random effects (15)
Scrolls
 e - a scroll of identify
 f - a scroll of immolation
 g - a scroll of magic mapping
 i - a scroll of fear {unknown}
Potions
 h - 3 potions of agility
 j - 2 potions of poison {unknown}
 k - a potion of brilliance {unknown}
 l - a potion of might {unknown}
 m - a potion of cure mutation {unknown}
Comestibles
 d - a meat ration


   Skills:
 + Level 1.9 Fighting
 + Level 3.3 Dodging
 + Level 2.6 Stealth
 + Level 1.2 Unarmed Combat
 + Level 3.6 Evocations


You had 2 spell levels left.
You didn't know any spells.

Dungeon Overview and Level Annotations

Branches:
Dungeon (2/15)

Altars:
Cheibriados
Okawaru


Innate Abilities, Weirdness & Mutations

You cannot wear armour.
You are incapable of wielding weapons or throwing items.
You have sharp claws.
You have razor-sharp teeth.
You have supernaturally acute eyesight.
You are carnivorous and can eat meat at any time.
You cover ground quickly.
You are covered in fur (AC +1).
You have a slow metabolism.
Your sharp claws are effective at attacking unaware monsters.


Message History

You scratch the worm but do no damage. You bite the worm.
The worm is moderately wounded.
You scratch the worm but do no damage.
The worm is moderately wounded.
The worm closely misses you.
You scratch the worm.
The worm is heavily wounded.
You scratch the worm but do no damage.
The worm is heavily wounded.
The worm misses you.
You scratch the worm.
The worm is heavily wounded.
The worm misses you.
You scratch the worm but do no damage.
The worm is heavily wounded.
You scratch the worm.
The worm is severely wounded.
The worm bites you!
Ouch! That really hurt!
You die...

#....# #....# #### #.#..#
...# #....# ##.#
####.#.#..### # .#.#
#....#.#....###.### ...#
######....#.#..........# .###
#.........#.#w...###.#.# .#
#.........#@#....#...#.# .#
#.........#w#....#.###.# .#
#.........#.#........#.# .#
#...........#....#.#.#.#
.#####.......#####....#...#.#
.....................######.#
###########.................#
# ########.#.############..#
# #........................##


You could see a worm.

Vanquished Creatures
  A giant gecko (D:1)
  5 bats
  2 goblins (D:1)
  7 hobgoblins
  4 giant cockroaches
  5 giant newts
  2 jackals (D:1)
  7 kobolds
  8 rats
41 creatures vanquished.

Vanquished Creatures (collateral kills)
  A rat (D:1)
1 creature vanquished.

Vanquished Creatures (others)
  2 jackals (D:1)
2 creatures vanquished.

Grand Total: 44 creatures vanquished

Notes
Turn   | Place    | Note
--------------------------------------------------------------
     0 | D:1      | futacatgirl the Felid Artificer began the quest for the Orb.
     0 | D:1      | Reached XP level 1. HP: 9/9 MP: 4/4
   179 | D:1      | Reached XP level 2. HP: 8/12 MP: 5/5
   905 | D:1      | Reached XP level 3. HP: 15/15 MP: 6/6
   928 | D:2      | Found an iron altar of Okawaru.
  1318 | D:2      | Found a snail-covered altar of Cheibriados.
  1448 | D:2      | Slain by a worm

Action                   || total
-------------------------++-------
Melee: Unarmed           ||   146
Evoke: Wand              ||     7
  Use: Scroll            ||     3
 Stab: Sleeping          ||     9
